[Event "3rd Manaus Open 2024"]
[Site "Manaus"]
[Date "2024.10.13"]
[Round "3.5"]
[White "Santiago, Yago De Moura"]
[Black "Casalaspro, Mathias Andre"]
[Result "1/2-1/2"]
[ECO "E92"]
[WhiteElo "2460"]
[BlackElo "2187"]
[Annotator "TA"]
[PlyCount "66"]
[EventDate "2024.10.05"]
[EventType "swiss"]
[EventCountry "BRA"]
[SourceTitle "playchess.com"]
[Source "ChessBase"]
[SourceQuality "1"]
[TimeControl "5400+30"]

1. d4 Nf6 2. c4 g6 3. Nc3 Bg7 4. e4 d6 5. Nf3 O-O 6. Be2 e5 7. d5 a5 8. Bg5 h6 9. Be3 Ng4 {[%emt 0:00:33] E92: Konings-Indisch: Klassiek: 6 Le2 e5: 7 dxe5, 7 Le3 en Petrosian Systeem zonder 7...Pbd7.} 10. Bd2 {[%emt 0:00:08] Beste} f5 11. h3 Nf6 {[%emt 0:00:26] OK. Wit staat iets beter.} 12. exf5 {[%emt 0:00:08] OK} gxf5 13. g4 {[%emt 0:00:12] Onnauwkeurig} fxg4 {[%emt 0:06:16] OK} 14. hxg4 Nxg4 15. Ne4 {[%emt 0:00:09] Dreigt te winnen met Nh4. Beste (Gemakkelijk)} Nd7 {[%emt 0:12:33][%cal Bb8d7,Bd7f6,Bf6e4][%mdl 32] EV=22.37. Goes to g5 (dbg)). OK} 16. Nh4 $36 {[%emt 0:16:29][%mdl 2048] Wit heeft goed spel. OK} Ndf6 17. Bxg4 (17. Ng3 $5 {is complexer.} e4 18. Nhf5 Nxf2 19. Kxf2 e3+ 20. Bxe3 Bxf5 21. Nxf5 Ne4+ 22. Kg1) 17... Nxe4 {[%emt 0:00:25] Beste (Gemakkelijk)} 18. Be3 {[%emt 0:00:06] OK} Qf6 19. Bxc8 {[%emt 0:00:45] Beste (Gemakkelijk)} Raxc8 20. Qc2 {[%emt 0:00:05] OK} Ng5 {[%emt 0:01:38] OK} 21. O-O-O {[%emt 0:01:37] Beste (Gemakkelijk)} e4 {[%emt 0:03:23] Fout (1.1)} (21... c6 $1 $11) {Wit moet spelen} 22. Kb1 {[%emt 0:06:44] Fout (1.1)} (22. Ng2 $1 $16) 22... c6 $146 {[%emt 0:10:17] Hoopt vervolgens op ...cxd5.} ({Predecessor:} 22... c5 23. a4 Ra8 24. Ng2 Ra6 25. Ka2 Rb6 26. Rb1 Qe5 27. Rh4 Rb4 28. b3 b5 29. cxb5 Qxd5 30. Nf4 Rxa4# {0-1 Schwander,L (2182)-Baenziger,F (2352) SUI-ch HT 119th 2019 (9)}) 23. Bd4 Qf7 {[%emt 0:02:01] OK} 24. Bxg7 {[%emt 0:11:12] OK} Kxg7 25. Qc3+ Kg8 26. Qxa5 {[%emt 0:02:55] Fout (0.8)} (26. Ng2 $11) {Beter is} 26... cxd5 {[%emt 0:10:04] Fout (0.6)} (26... c5 $1 $15) 27. Rxd5 {[%emt 0:01:57] Nf5 is de sterke dreiging.} Rc5 $1 {[%emt 0:04:31] Sterk} 28. Rxc5 {[%emt 0:02:47] OK} dxc5 29. Qb6 {[%emt 0:00:45] blijft gelijk. Fout (0.8)} (29. Qxc5 $11 Qxf2 30. Qd5+ Rf7 31. Ng6) {Zwart zou moeten proberen} 29... Qf6 {[%emt 0:08:13] Fout (0.8)} (29... Qh7 $1 $17 {Sterke dreiging met ...e3+.} 30. Ka1 (30. Qxc5 $2 {te hebberig.} e3+ 31. Kc1 exf2 $19) 30... Rxf2) 30. Qxb7 Qf4 $2 {[%emt 0:12:14] [#] en Zwart blijft veilig. Verliest partij (2.1)} (30... Qd6 $11) 31. f3 $4 {[%mdl 8192] [#] Wit heeft alles onder controle. Gemiste overwinning (4.6)} Qxf3 {[%emt 0:00:00][%mdl 8192] [#] Gemiste overwinning (63.6)} 32. Ng6 $4 {[%emt 0:03:08][%mdl 8192] [#] Gemiste overwinning (122.3)} Qf2 $4 {[%emt 0:00:00][%mdl 8192] [#] Gemiste overwinning (70.0)} 33. Qc8 $4 Kg7 $4 {[%emt 0:00:00][%mdl 40960] Blunder waarde: Wit=0.78/Zwart=0.77.  Verliest partij:   	---       	Zwart=1      Gemiste overwinning: 	Wit=2      	Zwart=2      Fout:        	Wit=3      	Zwart=3      Onnauwkeurig:    	Wit=1      	---        OK:         	Wit=6      	Zwart=5      Beste:        	Wit=4      	Zwart=1      Sterk:        	---       	Zwart=1     . Een verassend resultaat.} (33... Rxc8 $19 34. Ne7+ Kg7 35. Nxc8 e3) 1/2-1/2

[Event "3rd Manaus Open 2024"]
[Site "Manaus"]
[Date "2024.10.13"]
[Round "3.6"]
[White "Terao, Juliana Sayumi"]
[Black "Flom, Gabriel"]
[Result "0-1"]
[ECO "C41"]
[WhiteElo "2187"]
[BlackElo "2460"]
[Annotator "TA"]
[PlyCount "64"]
[EventDate "2024.10.05"]
[EventType "swiss"]
[EventCountry "BRA"]
[SourceTitle "playchess.com"]
[Source "ChessBase"]
[SourceQuality "1"]
[TimeControl "5400+30"]

1. e4 d6 2. d4 Nf6 3. Nc3 e5 4. Nf3 Nbd7 5. Rg1 c6 6. g4 {[%emt 0:00:34][%cal Bg2g4,Bg4g5][%mdl 32] EV=17.90. Goes to g5 (dbg)). C41: Philidor Verdediging.} g6 {[%emt 0:00:04] Fout (0.7)} (6... Qa5 $1 $11) 7. g5 $14 {[%emt 0:02:36] OK} Nh5 {[%emt 0:00:18] OK} 8. Be3 {[%emt 0:03:08] OK. Wit staat beter.} Qb6 $146 {[%emt 0:00:48] Fout (0.6)} (8... Qc7 $14) ({Predecessor:} 8... Bg7 9. dxe5 dxe5 10. Qd6 Qe7 11. Qxe7+ Kxe7 12. O-O-O b6 13. Nb1 h6 14. h4 hxg5 15. hxg5 {0-1 Grandelius,N (2635)-Vidit,S (2723) Chessable Masters Prelim rapid 2022 (14)}) 9. Qc1 {[%emt 0:04:07] Fout (0.7)} (9. a3 $1 $16) 9... Qa5 {[%emt 0:03:35] Onnauwkeurig} 10. Be2 {[%emt 0:10:29] Onnauwkeurig} Bg7 {[%emt 0:01:10] OK} 11. Qd2 b5 {[%emt 0:07:46] Onnauwkeurig} 12. a3 Nf4 {[%emt 0:08:04] Onnauwkeurig} 13. Bxf4 {[%emt 0:09:27] Beste (Gemakkelijk)} exf4 {[%emt 0:00:03] Onnauwkeurig} 14. O-O-O {[%emt 0:02:27] Onnauwkeurig} Rb8 {Wit zou moeten spelen} 15. Qxf4 {[%emt 0:12:46] Fout (1.2)} (15. h4 $1 $16) 15... b4 $15 {[%emt 0:00:26] Beste (Gemakkelijk)} 16. Nb1 {[%emt 0:00:23] OK} Qc7 {[%emt 0:11:21] OK} 17. axb4 Rxb4 18. c3 {[%emt 0:00:12] OK} Rb8 {[%emt 0:01:31] Onnauwkeurig} 19. Na3 {[%emt 0:00:52] OK} O-O {[%emt 0:01:47] Wit zou ...Nb6 moeten voorkomen. Onnauwkeurig} 20. Nc4 {[%emt 0:06:52] blijft gelijk. Fout (1.1)} (20. Rd2 $1 $11) 20... Ba6 $17 {[%emt 0:00:06] Dreigt te winnen met ...c5. Beste (Gemakkelijk)} 21. Rd2 {[%emt 0:00:34][%cal Rf4d6] Beste} Bxc4 {[%emt 0:00:14] Beste (Gemakkelijk)} 22. Bxc4 c5 {[%emt 0:00:54] Fout (0.8)} (22... Qa5 $1 $17 {met als doel voor ...d5.} 23. Rc2 d5 24. exd5 Nb6 (24... cxd5 25. Bd3 $18)) 23. Bd5 {[%emt 0:07:56] Fout (0.7)} (23. Rc2 $1 $11) 23... Qa5 {[%emt 0:06:42] Fout (0.7)} (23... Nb6 $15 24. Ba2 cxd4 25. Nxd4 Nd7) {Wit zou moeten proberen} 24. Kc2 {[%emt 0:03:46] Fout (0.6)} (24. Qxd6 $11 cxd4 25. cxd4 (25. Qxd7 $2 {vergaat.} dxc3 26. Kd1 cxd2 $19)) 24... Nb6 $15 {[%emt 0:14:11] En nu zou ...Na4 winnen. OK} 25. Qxd6 {[%emt 0:01:31] Beste (Gemakkelijk)} Na4 $36 {[%emt 0:00:04][%cal Rb8b2][%mdl 2048] Zwart heeft controle. Dansen op een scheermes. OK} 26. Rb1 {[%emt 0:02:34] Zwart moet nu Rd3 voorkomen. OK} {Zwart zou moeten spelen} Rb6 {[%emt 0:00:20] Fout (0.8)} (26... Rxb2+ $1 $17 27. Rxb2 Qxc3+ 28. Kb1 Nxb2 29. Qxc5 Nc4 30. Bxc4 Qxf3 31. Qxa7 Rc8 (31... Qxe4+ $2 32. Kc1 $19) (31... Qc3 $2 32. Rc2 $19)) 27. Qf4 {[%emt 0:00:53] Sterke dreiging met Rd3.} cxd4 $2 {[%emt 0:00:49][%mdl 8192] en Zwart blijft veilig. Verliest partij (2.5)} (27... c4 $1 $11) 28. b4 $1 $18 {[%emt 0:00:44] Sterk} Qa6 29. Nxd4 $4 {[%emt 0:00:40][%mdl 8192] [#] Gemiste overwinning (9.9)} (29. Rxd4 $18 Bxd4 30. Nxd4) 29... Nxc3 $1 $19 {[%emt 0:02:21] Briljant} 30. Kxc3 {[#] Onnauwkeurig} (30. b5 Nxd5) 30... Rc8+ $1 {[%emt 0:00:03] Zwart zet mat.} ({Sla niet} 30... Qa3+ $2 31. Kc2 $18) 31. Kb3 {[%emt 0:00:33] [#]} Rxb4+ $3 32. Kxb4 Bf8+ {[%emt 0:00:03] Blunder waarde: Wit=0.59/Zwart=0.29 (precies) .  Verliest partij:   	---       	Zwart=1      Gemiste overwinning: 	Wit=1      	---        Fout:        	Wit=5      	Zwart=5      Onnauwkeurig:    	Wit=3      	Zwart=6      OK:         	Wit=6      	Zwart=5      Beste:        	Wit=3      	Zwart=3      Sterk:        	Wit=1      	---        Briljant:      	---       	Zwart=1} 0-1

[Event "3rd Manaus Open 2024"]
[Site "Manaus"]
[Date "2024.10.13"]
[Round "3.7"]
[White "Gauche, Charles"]
[Black "Rodriguez Vila, Andres"]
[Result "0-1"]
[ECO "A21"]
[WhiteElo "2168"]
[BlackElo "2419"]
[Annotator "RC"]
[PlyCount "105"]
[EventDate "2024.10.05"]
[EventType "swiss"]
[EventCountry "BRA"]
[SourceTitle "playchess.com"]
[Source "ChessBase"]
[SourceQuality "1"]
[TimeControl "5400+30"]

1. c4 e5 2. Nc3 Bb4 3. a3 Bxc3 4. bxc3 Nf6 5. d3 O-O 6. e4 c6 7. Bg5 h6 8. Bh4 Re8 9. Be2 d6 10. Qc2 Nbd7 11. Nf3 Nf8 12. Nd2 g5 13. Bg3 Ng6 14. h4 g4 15. Nf1 d5 16. Ne3 d4 17. cxd4 exd4 18. Nf1 Nh5 19. Qd2 Kh7 20. Nh2 f5 21. exf5 Bxf5 22. O-O Qd7 23. Rfe1 Re7 24. Bf1 Rae8 25. Rxe7+ Qxe7 26. Qa5 Nxg3 27. fxg3 Bc8 28. h5 Qe3+ 29. Kh1 Ne5 30. Re1 Qxg3 31. Qc7+ Kg8 32. Re4 Bf5 33. Rxd4 Qe1 34. Rf4 Rf8 35. Qe7 Qe3 36. g3 Nxc4 37. Qxe3 Nxe3 38. Be2 Be6 39. Rxf8+ Kxf8 40. Kg1 b5 41. Kf2 Nc2 42. Bxg4 Bxg4 43. Nxg4 Nxa3 44. Ke3 b4 45. Kd2 Kg7 46. Ne5 c5 47. Nd7 c4 48. dxc4 Nxc4+ 49. Kd3 b3 50. Nc5 b2 51. Kc2 Kf6 52. Nd7+ Kf7 53. Kd3 0-1

[Event "3rd Manaus Open 2024"]
[Site "Manaus"]
[Date "2024.10.13"]
[Round "3.8"]
[White "Sunye Neto, Jaime"]
[Black "Souza Neves, Andrey M."]
[Result "1-0"]
[ECO "D37"]
[WhiteElo "2381"]
[BlackElo "2154"]
[Annotator "RC"]
[PlyCount "69"]
[EventDate "2024.10.05"]
[EventType "swiss"]
[EventCountry "BRA"]
[SourceTitle "playchess.com"]
[Source "ChessBase"]
[SourceQuality "1"]
[TimeControl "5400+30"]

1. c4 e6 2. Nf3 d5 3. d4 Nf6 4. Nc3 a6 5. cxd5 exd5 6. Bg5 Be6 7. e3 Nbd7 8. Be2 Bd6 9. O-O c6 10. Bf4 Qc7 11. Bxd6 Qxd6 12. Qc2 Bg4 13. a3 O-O 14. b4 Rfe8 15. Na4 b5 16. Nc5 Nxc5 17. dxc5 Qc7 18. Nd4 Re5 19. a4 Rae8 20. axb5 Rh5 21. f4 axb5 22. h3 Bxe2 23. Qxe2 Rh6 24. Ra6 Ne4 25. Rfa1 Nc3 26. Qd3 Na4 27. Rxc6 Rxc6 28. Qxb5 Qe7 29. Qxc6 Qxe3+ 30. Kh1 Nc3 31. Nf5 Qe6 32. Qxe6 fxe6 33. Nd6 Rf8 34. c6 d4 35. c7 1-0

[Event "3rd Manaus Open 2024"]
[Site "Manaus"]
[Date "2024.10.13"]
[Round "3.9"]
[White "Zallio, Luciano de Souza"]
[Black "Molina, Roberto Junio Brito"]
[Result "0-1"]
[ECO "A06"]
[WhiteElo "2114"]
[BlackElo "2381"]
[Annotator "RC"]
[PlyCount "130"]
[EventDate "2024.10.05"]
[EventType "swiss"]
[EventCountry "BRA"]
[SourceTitle "playchess.com"]
[Source "ChessBase"]
[SourceQuality "1"]
[TimeControl "5400+30"]

1. Nf3 d5 2. b3 Bg4 3. Bb2 Nd7 4. g3 Bxf3 5. exf3 e5 6. Bg2 Ngf6 7. O-O Bd6 8. d4 O-O 9. dxe5 Bxe5 10. Nc3 c6 11. f4 Bd6 12. a3 Re8 13. Re1 Rxe1+ 14. Qxe1 Qf8 15. Nd1 Re8 16. Qd2 Qe7 17. Ne3 Bc5 18. Bd4 Bxd4 19. Qxd4 Qc5 20. Qd3 Qb6 21. b4 a5 22. Rb1 axb4 23. axb4 Rd8 24. c4 dxc4 25. Qxc4 Nf8 26. Qc5 Qxc5 27. bxc5 Rd7 28. Nc4 Ne6 29. Na5 Nd8 30. Bh3 Rd5 31. Nxb7 Nxb7 32. Rxb7 g6 33. Bg2 Rxc5 34. Bf3 Rc3 35. Kg2 c5 36. Rc7 h5 37. h3 Kf8 38. Bc6 Rc1 39. Kf3 Rc2 40. Kg2 Rc3 41. Bf3 Ne8 42. Rd7 Nf6 43. Rc7 Rc4 44. Bc6 h4 45. Bb5 Rc3 46. Bc6 hxg3 47. fxg3 Nh5 48. Bd5 f5 49. Bf3 Rc2+ 50. Kg1 Nxg3 51. h4 c4 52. Bd5 c3 53. Bb3 Rb2 54. Ba4 Rb4 55. Bc2 Rxf4 56. Kg2 Ne2 57. Bd3 Nd4 58. h5 gxh5 59. Rxc3 Kg7 60. Kg3 Rg4+ 61. Kh3 Kf6 62. Rc5 Kg5 63. Rc4 h4 64. Bc2 Rg3+ 65. Kh2 Nf3+ 0-1

[Event "3rd Manaus Open 2024"]
[Site "Manaus"]
[Date "2024.10.12"]
[Round "4"]
[White "Pessoa, Marcio de Souza"]
[Black "Gauche, Charles"]
[Result "0-1"]
[ECO "D02"]
[WhiteElo "1907"]
[BlackElo "2168"]
[Annotator "RC"]
[PlyCount "70"]
[EventDate "2024.10.05"]
[EventType "swiss"]
[EventCountry "BRA"]
[SourceTitle "playchess.com"]
[Source "ChessBase"]
[SourceQuality "1"]
[TimeControl "5400+30"]

1. d4 Nf6 2. Nf3 d5 3. Bf4 c5 4. e3 Nc6 5. c3 Qb6 6. Qb3 c4 7. Qc2 Bf5 8. Qc1 h6 9. h3 e6 10. Nbd2 Qd8 11. b3 b5 12. a4 a6 13. Be2 Be7 14. O-O O-O 15. Bd1 Bd3 16. Re1 b4 17. bxc4 dxc4 18. Ne5 Nxe5 19. Bxe5 Nd5 20. cxb4 Nxb4 21. Qc3 Rc8 22. a5 Nd5 23. Qc1 Bb4 24. Bc2 Bxa5 25. Ra3 f6 26. Rxa5 Qxa5 27. Bd6 Rfd8 28. Bc5 Qc3 29. Bxd3 cxd3 30. Qd1 Qc2 31. Ne4 f5 32. Nd6 Rxd6 33. Rf1 d2 34. Bb4 Qxd1 35. Bxd6 Ra8 0-1

[Event "3rd Manaus Open 2024"]
[Site "Manaus"]
[Date "2024.10.14"]
[Round "4.1"]
[White "Leitao, Rafael"]
[Black "Sunye Neto, Jaime"]
[Result "1-0"]
[ECO "B54"]
[WhiteElo "2592"]
[BlackElo "2381"]
[Annotator "TA"]
[PlyCount "53"]
[EventDate "2024.10.05"]
[EventType "swiss"]
[EventCountry "BRA"]
[SourceTitle "playchess.com"]
[Source "ChessBase"]
[SourceQuality "1"]
[TimeControl "5400+30"]

1. e4 c5 2. Nf3 e6 3. d4 cxd4 4. Nxd4 Nc6 5. Nc3 d6 6. g4 a6 7. Be3 Nge7 8. Nb3 b5 9. h4 {[%emt 0:14:04] White is more active.} Bb7 10. Rh3 Nc8 {[%emt 0:01:46] White has an edge.} 11. Qd2 Nb6 12. O-O-O Nc4 ({Black should try} 12... Be7 $14) 13. Bxc4 $16 bxc4 14. Nd4 Rc8 15. Nxc6 Rxc6 16. Bd4 (16. h5 $142) 16... f6 (16... Bc8 $16 {is a better defense.}) 17. g5 $18 Be7 18. gxf6 Bxf6 19. Bxf6 Qxf6 {[%emt 0:00:23] [#]} 20. e5 $1 Qxe5 (20... Qf5 21. exd6) 21. Re3 Qf5 22. Ne4 (22. Nd5 $18 {[%cal Oe3e6] Rxe6+! is the strong threat.} c3 23. bxc3) 22... O-O $16 ({Avoid the trap} 22... d5 $2 23. Qb4 Bc8 24. Nd6+ Rxd6 25. Qxd6 $18) 23. Nxd6 Rxd6 {[%emt 0:00:54] This move loses the game for Black.} 24. Qxd6 $18 Bd5 25. Rg1 Qxf2 26. Reg3 g6 27. h5 $1 {[%emt 0:15:45] Weighted Error Value: White=0.22 (precise) /Black=0.35.  Mistake:       	White=2     	Black=3      Inaccurate:     	White=3     	Black=5      OK:         	White=6     	Black=4      Best:        	White=1     	Black=1      Strong:       	White=1     	---        Brilliant:      	White=1     	---} (27. Qxa6 {gets mated.} Qf4+ 28. Kd1 Bf3+ (28... Qxh4 29. Qd6 $11) 29. Rxf3 Qxf3+ 30. Kd2 Rd8+) 1-0

[Event "3rd Manaus Open 2024"]
[Site "Manaus"]
[Date "2024.10.14"]
[Round "4.2"]
[White "Quintiliano, Renato R."]
[Black "Molina, Roberto Junio Brito"]
[Result "0-1"]
[ECO "A17"]
[WhiteElo "2513"]
[BlackElo "2381"]
[Annotator "TA"]
[PlyCount "62"]
[EventDate "2024.10.05"]
[EventType "swiss"]
[EventCountry "BRA"]
[SourceTitle "playchess.com"]
[Source "ChessBase"]
[SourceQuality "1"]
[TimeControl "5400+30"]

1. Nf3 d5 2. e3 Nf6 3. c4 e6 4. Nc3 Be7 5. b3 c5 6. Bb2 dxc4 7. bxc4 b6 8. Qc2 {[%emt 0:01:16] The position is equal.} Bb7 9. Be2 Nc6 10. a3 Qc7 11. h3 Rd8 12. Rg1 a6 13. g4 h6 14. g5 hxg5 15. Nxg5 Bf8 (15... Rh6 {seems wilder.} 16. Nce4 Na5 17. Rg3 e5) 16. f4 Rd7 17. f5 e5 18. O-O-O Kd8 {[%emt 0:01:13] [#]} (18... Na5 $11) 19. Na4 (19. Nd5 $1 $16 Nxd5 20. cxd5) 19... Rh4 $11 20. Kb1 Na5 21. Bc3 {[%emt 0:00:00] Hoping for Qb2.} Rxc4 ({But not} 21... Nxc4 22. Bxc4 (22. Nxf7+ $2 Rxf7 23. Bxc4 Rxc4 $19) 22... Rxc4 23. Bxe5 Qxe5 24. Qxc4 Qxf5+ 25. Qc2 Qxc2+ 26. Kxc2 $15) (21... Nxc4 {is interesting.} 22. Bxc4 Rxc4 23. Bxe5 Qxe5 24. Qxc4 Qxf5+ 25. Qc2 Qxc2+ 26. Kxc2 b5) 22. Bxa5 (22. Bxe5 $11 Qxe5 23. Bxc4 Nxc4 24. Qxc4 Qxf5+ 25. Qc2 Qxc2+ 26. Kxc2) 22... Rxc2 $17 23. Bxb6 Rcxd2 24. Nxf7+ (24. Bxc7+ $142 Kxc7 25. Rxd2 Rxd2 26. Bc4) 24... Kc8 25. Bxc7 Kxc7 ({Better is} 25... Be4+ $17 26. Ka1 Rxe2 (26... Kxc7 27. Rxd2 Rxd2 28. Bxa6 $17) 27. Rxd7 Kxd7) 26. Rxd2 $15 Rxd2 27. Bc4 Be4+ 28. Ka1 Bxf5 29. Nxe5 g6 30. Nxg6 $2 {[%emt 0:04:19][%mdl 8192] [#]} (30. Bf7 $15) 30... Bg7 $1 $19 {[%emt 0:00:33] ( -> ...Nd5+)} 31. Nh4 Ng4+ {[%emt 0:00:42] Weighted Error Value: White=0.51/Black=0.13 (very precise) .  Loses game:     	White=1     	---        Mistake:       	White=3     	Black=2      Inaccurate:     	White=1     	Black=1      OK:         	White=6     	Black=12     Best:        	White=3     	Black=1      Strong:       	---       	Black=1} (31... Bxh3 $2 {loses.} 32. Rxg7+ Rd7 33. Rxd7+ Nxd7 34. Bxa6 $18) 0-1

[Event "3rd Manaus Open 2024"]
[Site "Manaus"]
[Date "2024.10.14"]
[Round "4.3"]
[White "Di Berardino, Diego Rafael"]
[Black "Matsuura, Everaldo"]
[Result "1/2-1/2"]
[ECO "D43"]
[WhiteElo "2479"]
[BlackElo "2357"]
[Annotator "TA"]
[PlyCount "65"]
[EventDate "2024.10.05"]
[EventType "swiss"]
[EventCountry "BRA"]
[SourceTitle "playchess.com"]
[Source "ChessBase"]
[SourceQuality "1"]
[TimeControl "5400+30"]

1. d4 d5 2. c4 c6 3. Nf3 Nf6 4. Nc3 e6 5. Bg5 h6 6. Bh4 dxc4 7. e4 g5 8. Bg3 b5 9. Be2 Bb7 10. O-O Nbd7 11. Nd2 h5 {[%emt 0:02:47][%cal Bh6h5,Bh5h4][%mdl 32] ...h4 is the strong threat.} 12. h3 Qb6 13. a4 {[%emt 0:21:41] Black has an edge.} a6 (13... g4 $1 $15 {should be considered.}) 14. e5 $1 $11 h4 15. Bh2 Nd5 16. Nde4 Be7 17. Bh5 Nf4 $36 {[%emt 0:00:00][%mdl 2048] Black is pushing.} 18. Bxf4 gxf4 19. Qg4 (19. Re1 $11 O-O-O 20. Nd6+ (20. Bxf7 $2 Nxe5 $17) 20... Bxd6 21. exd6) 19... Kf8 $2 (19... Qxd4 $2 20. Bxf7+ Kxf7 21. Qxf4+ Kg7 22. Rad1 Qxe5 23. Qg4+ Kf8 24. Rxd7 $18) (19... c5 $1 $15 {stays ahead.} 20. Nd6+ Bxd6 21. Qxe6+ Kd8 22. Qxf7 Rf8) 20. Rfe1 $1 $16 {[%emt 0:07:31][%cal Oh5f7] Black must now prevent Bxf7!} Rh7 {[%emt 0:00:00] [#]} (20... Qxd4 $2 21. Rad1 Qxe5 22. Bxf7 $18 (22. Rxd7 Rxh5 23. Rxb7 Rf5 $18)) 21. Bxf7 $1 {[%emt 0:12:02][%mdl 512] White is much more active.} Rxf7 {[%emt 0:00:00] [#]} 22. Qxe6 ({Better is} 22. Ne2 $1 $16 c5 23. Nxf4 Rxf4 (23... cxd4 24. Nxe6+ Ke8 25. Qg8+ Rf8 26. Qg6+ Rf7 27. Nd6+ Bxd6 28. exd6 $18) 24. Qxf4+ Ke8 25. Nd6+ Kd8 26. Nxb7+ Qxb7 27. Red1 cxd4 28. Qxd4) 22... c5 $1 $11 (22... Qxd4 $2 {is the wrong capture.} 23. Nd6 (23. Rad1 Qxe5 24. Qxd7 Rb8 $17) 23... Bxd6 24. Rad1 Bxe5 25. Rxd4 Bxd4 26. Qd6+ Kg8 27. Qxd4 $18) 23. Nd6 (23. Qxd7 $14 {keeps the upper hand.} cxd4 24. Nd5) 23... Bxd6 $17 24. Qh6+ $1 Kg8 25. exd6 cxd4 (25... Raf8 $15 26. d5 Qd8 27. axb5 axb5) 26. Nd5 $11 {[%emt 0:03:53] Dancing on a razor blade. The position is equal.} Bxd5 27. Qg5+ Kh8 28. Qxd5 Raf8 {[%emt 0:00:17] And now ...Qc5 would win.} 29. Re8 $1 Kg8 30. Qg5+ $1 Rg7 31. Qd5+ Rgf7 $1 32. Qg5+ $1 Rg7 33. Qd5+ {[%emt 0:00:09] Weighted Error Value: White=0.11 (very precise) /Black=0.19 (very precise) .  Mistake:       	White=3     	Black=3      OK:         	White=7     	Black=7      Best:        	White=3     	Black=5      Strong:       	White=6     	Black=2      Brilliant:      	White=1     	---} 1/2-1/2

[Event "3rd Manaus Open 2024"]
[Site "Manaus"]
[Date "2024.10.14"]
[Round "4.4"]
[White "Flom, Gabriel"]
[Black "Hoffman, Alejandro"]
[Result "1/2-1/2"]
[ECO "D36"]
[WhiteElo "2460"]
[BlackElo "2356"]
[Annotator "TA"]
[PlyCount "93"]
[EventDate "2024.10.05"]
[EventType "swiss"]
[EventCountry "BRA"]
[SourceTitle "playchess.com"]
[Source "ChessBase"]
[SourceQuality "1"]
[TimeControl "5400+30"]

1. d4 d5 2. c4 e6 3. Nc3 Nf6 4. cxd5 exd5 5. Bg5 Be7 6. e3 O-O 7. Bd3 c6 8. Qc2 Nbd7 9. Nf3 Re8 10. O-O g6 11. Rab1 Nh5 12. Bxe7 {[%emt 0:00:19] D36: Damegambiet Geweigerd: Ruilvariant: Hoofdvariant (5 Lg5 c6 6 Dc2).} Qxe7 13. b4 {[%emt 0:00:02][%cal Bb2b4,Bb4b5][%mdl 32] EV=17.15. Goes to b6 (dbg))} Nb6 {[%emt 0:04:10] Onnauwkeurig} 14. b5 {[%emt 1:22:18] Wit staat beter.} c5 {[%emt 0:04:04] OK} 15. dxc5 {[%emt 0:00:00] Wit is actiever. OK} Qxc5 16. Rbc1 $146 ({Predecessor:} 16. Ne2 Qxc2 17. Bxc2 Bg4 18. Rfd1 Rac8 19. Bb3 Rc5 20. Ned4 Rec8 21. h3 Bxf3 22. gxf3 {½-½ Faybish,N-Duric,S (2190) BEL-ch Class A 1996 (3)}) 16... Bg4 17. Nd4 {[%emt 0:00:00] OK} Rac8 {[%emt 0:01:12][%cal Oh5f4] OK} 18. h3 {[%emt 0:00:00] OK} Bd7 {[%emt 0:00:39] OK} 19. Qb3 {[%emt 0:00:00] OK} Qd6 20. Rfe1 Ng7 21. a4 {[%emt 0:00:00] Onnauwkeurig} Ne6 {[%emt 0:00:50] Beste (Gemakkelijk)} 22. Nxe6 {[%emt 0:00:00] Fout (0.8)} (22. Nf3 $16) 22... Bxe6 $11 23. Qb2 {[%emt 0:00:00] OK} Nc4 {[%emt 0:08:03] OK} {Wit kan overwegen.} 24. Bxc4 {[%emt 0:00:00] Fout (0.7)} (24. Qa1 $16) 24... Rxc4 25. Qa1 Qb4 {[%emt 0:08:13] OK} 26. Ne2 {[%emt 0:00:00] OK} Qxa4 27. Rxc4 {[%emt 0:00:00] Beste} Qxc4 (27... Qxa1 $5 {vereenvoudigt} 28. Rxa1 dxc4 29. Rxa7 Rb8) 28. Nd4 {[%emt 0:00:00][%cal Oe1c1] [#] Rc1! zou dodelijk zijn.} Qc5 {[%emt 0:02:39] OK} 29. Rc1 {[%emt 0:00:00] OK} Qb6 {[%emt 0:00:30] OK} 30. Nxe6 {[%emt 0:00:00] Onnauwkeurig} fxe6 {[%emt 0:01:39][%mdl 4096] Eindspel. KQR-KQR. De stelling is in evenwicht.} 31. Qe5 {[%emt 0:00:00] met als doel voor Rc7. OK} Qd8 {[%emt 0:04:56] OK} 32. Rc7 Re7 {[%emt 0:00:09] Stopt Qg7+. OK} 33. Rxe7 Qxe7 {[%emt 0:00:09] KQ-KQ} 34. Qb8+ {[%emt 0:00:00] OK} Kf7 {[%emt 0:03:08] OK} 35. Qxa7 {[%emt 0:00:00] OK} Qd7 36. Qc5 {[%emt 0:00:00] OK} e5 {[%emt 0:00:51] OK} 37. Kf1 Ke6 {[%emt 0:11:05] OK} 38. Qb6+ Kf5 {[%emt 0:00:21] OK} 39. g4+ Kg5 {[%emt 0:00:27] OK} 40. Kg2 h5 {[%emt 0:01:51][%cal Rh5g4] OK} 41. f4+ exf4 {[%emt 0:12:23] Beste (Gemakkelijk)} 42. exf4+ Kxf4 43. Qd4+ {[%emt 0:00:00] OK} (43. Qxg6 hxg4 (43... Qxb5 44. Qf5+ Ke3 45. Qf2+ Ke4 46. gxh5 $16) 44. Qh6+ Ke4) 43... Kg5 44. Qe5+ {[%emt 0:00:00] OK} Kh6 {[%emt 0:00:00][%cal Rh5g4] Beste (Gemakkelijk)} 45. g5+ Kh7 46. b6 {[%emt 0:00:00] OK} Qf7 {[%emt 0:00:00] OK} 47. Qc7 {[%emt 0:00:00] Blunder waarde: Wit=0.12 (erg precies) /Zwart=0.05 (foutloos) .  Fout:        	Wit=2      	---        Onnauwkeurig:    	Wit=2      	Zwart=1      OK:         	Wit=14     	Zwart=16     Beste:        	Wit=1      	Zwart=3} 1/2-1/2